 Dungeon Crawl Stone Soup version 0.24-a0-769-g368c1644f8 (webtiles) character file.

Game seed: 13098807500079095710, levelgen mode: deterministic

9738 Ablot the Thaumaturge (level 11, -5/86 HPs)
             Began as a Gnoll Skald on Oct 3, 2019.
             Was an Elder of Okawaru.
             Killed from afar by a ynoxinul (19 damage)
             ... with an iron shot
             ... on level 1 of the Abyss on Oct 4, 2019.
             The game lasted 00:43:14 (11443 turns).

Ablot the Thaumaturge (Gnoll Skald)                Turns: 11443, Time: 00:43:15

Health: -5/86      AC:  9    Str: 16    XL:     11   Next: 51%
Magic:  23/23      EV: 17    Int: 15    God:    Okawaru [****..]
Gold:   570        SH:  0    Dex: 16    Spells: 2/26 levels left

rFire    + . .     SeeInvis .   W - +12 glaive of Prune {chop}
rCold    + . .     Gourm    .   (shield currently unavailable)
rNeg     . . .     Faith    .   q - +2 robe {rC+}
rPois    .         Spirit   .   k - +0 helmet
rElec    .         Reflect  .   O - +0 cloak
rCorr    .         Harm     .   m - +0 pair of gloves
MR       .....                  x - +0 pair of boots
Stlth    +++.......             (no amulet)
HPRegen  0.24/turn              T - ring of protection from fire
MPRegen  0.18/turn              (no ring)

@: studying Staves, lightly drained
A: distributed training, fangs 1, strong nose
a: Heroism, Renounce Religion


You were on level 1 of the Abyss.
You worshipped Okawaru.
Okawaru was greatly pleased with you.
You were near starving.

You visited 2 branches of the dungeon, and saw 11 of its levels.
You visited the Abyss 1 time.

You collected 570 gold pieces.

Inventory:

Hand Weapons
 R - a +4 trident
 W - the +12 glaive of Prune (weapon) {chop}
   (You took it off an orc on level 9 of the Dungeon)

   It inflicts extra damage upon your enemies.
Missiles
 c - 68 sling bullets
 h - 36 poisoned darts (quivered)
 n - 231 stones
 u - 258 arrows
 P - a throwing net
 U - 63 bolts
 Z - 7 silver javelins
Armour
 k - a +0 helmet (worn)
 m - a +0 pair of gloves (worn)
 q - a +2 robe of cold resistance (worn)
 x - a +0 pair of boots (worn)
 y - a +0 buckler
 O - a +0 cloak (worn)
Magical Staves
 b - an uncursed staff of death {unknown}
 J - an uncursed staff of earth
Jewellery
 T - a ring of protection from fire (left hand)
 X - an uncursed ring of ice
Wands
 a - a wand of disintegration (25)
 t - a wand of acid (7)
 v - a wand of paralysis (7)
 w - a wand of iceblast (5)
 N - a wand of random effects (18)
 V - a wand of digging (4)
 Y - a wand of scattershot (5)
Scrolls
 l - 4 scrolls of amnesia
 o - a scroll of fog
 p - a scroll of random uselessness {unknown}
 A - 4 scrolls of immolation
 E - a scroll of enchant weapon {unknown}
 G - 3 scrolls of teleportation
 H - a scroll of enchant armour {unknown}
 K - 2 scrolls of magic mapping
 L - a scroll of blinking {unknown}
 Q - a scroll of fear {unknown}
 S - a scroll of remove curse
Potions
 e - a potion of heal wounds
 f - a potion of mutation {unknown}
 g - a potion of berserk rage {unknown}
 i - a potion of resistance {unknown}
 j - 3 potions of brilliance
 r - 2 potions of agility
 s - 3 potions of flight {unknown}
 z - a potion of degeneration {unknown}
 B - a potion of lignification {unknown}
 C - 3 potions of curing
 D - 3 potions of haste {unknown}
 F - 3 potions of magic
Books
 M - a manual of Staves
Miscellaneous
 I - a box of beasts
Comestibles
 d - 28 rations


   Skills:
 + Level 7.8 Fighting
 + Level 6.2 Short Blades
 + Level 6.2 Long Blades
 + Level 6.2 Axes
 + Level 6.2 Maces & Flails
 + Level 7.8 Polearms
 + Level 7.7(7.6) Staves
 + Level 6.2 Slings
 + Level 6.2 Bows
 + Level 6.2 Crossbows
 + Level 6.2 Throwing
 + Level 6.8 Armour
 + Level 7.8 Dodging
 + Level 6.2 Stealth
 + Level 6.2 Shields
 + Level 6.2 Unarmed Combat
 + Level 8.1(8.0) Spellcasting
 + Level 5.1 Conjurations
 + Level 5.1 Hexes
 + Level 7.6 Charms
 + Level 5.1 Summonings
 + Level 5.1 Necromancy
 + Level 5.1 Translocations
 + Level 5.1 Transmutations
 + Level 5.1 Fire Magic
 + Level 5.1 Ice Magic
 + Level 5.1 Air Magic
 + Level 5.1 Earth Magic
 + Level 5.1 Poison Magic
 + Level 6.8 Invocations
 + Level 6.2 Evocations


You had 2 spell levels left.
You knew the following spells:

 Your Spells              Type           Power        Failure   Level  Hunger
a - Infusion              Chrm           ####         1%          1    None
b - Song of Slaying       Chrm           ####....     1%          2    None
c - Shroud of Golubria    Chrm/Tloc      ####..       1%          2    None
d - Regeneration          Chrm/Necr      ####......   2%          3    ##.....
e - Spectral Weapon       Hex/Chrm       ####....     2%          3    ##.....
f - Swiftness             Chrm/Air       ####....     1%          2    None
g - Confusing Touch       Hex            ###...       1%          1    None
h - Beastly Appendage     Tmut           ###...       1%          1    None
i - Mephitic Cloud        Conj/Pois/Air  ###.....     4%          3    ##.....
j - Confuse               Hex            ###.....     4%          3    ##.....
k - Vampiric Draining     Necr           ###.......   4%          3    ##.....

Your spell library contained the following spells:

 Spells                   Type           Power        Failure   Level  Hunger
 Animate Skeleton         Necr           N/A          1%          1    None
 Pain                     Necr           ###.         1%          1    None
 Shock                    Conj/Air       ###.         1%          1    None
 Sting                    Conj/Pois      ###.         1%          1    None
 Summon Small Mammal      Summ           ###.         1%          1    None
 Call Imp                 Summ           ###.....     2%          2    None
 Poisonous Vapours        Pois/Air       ###...       2%          2    None
 Sticks to Snakes         Tmut           ###.....     2%          2    None
 Call Canine Familiar     Summ           ###.....     4%          3    ##.....
 Gell's Gravitas          Tloc           ###.......   4%          3    ##.....
 Spider Form              Tmut/Pois      ###.......   4%          3    ##.....
 Static Discharge         Conj/Air       ###.....     4%          3    ##.....
 Summon Guardian Golem    Hex/Summ       ###.....     4%          3    ##.....
 Airstrike                Air            ###.......   14%         4    ####...
 Animate Dead             Necr           N/A          14%         4    ####...
 Ice Form                 Ice/Tmut       ###.....     14%         4    ####...
 Olgreb's Toxic Radiance  Pois           ###.....     14%         4    ####...
 Petrify                  Tmut/Erth      ###.....     14%         4    ####...
 Summon Ice Beast         Ice/Summ       ###.....     14%         4    ####...
 Summon Lightning Spire   Summ/Air       ###.....     14%         4    ####...
 Blade Hands              Tmut           ###.......   36%         5    #####..
 Lightning Bolt           Conj/Air       ###.......   36%         5    #####..
 Metabolic Englaciation   Hex/Ice        ###.......   36%         5    #####..
 Venom Bolt               Conj/Pois      ###.......   36%         5    #####..
 Yara's Violent Unravell  Hex/Tmut       ###.......   36%         5    #####..
 Shadow Creatures         Summ           N/A          91%         6    #######
 Malign Gateway           Summ/Tloc      ###.......   100%        7    #######


Dungeon Overview and Level Annotations

Branches:
Dungeon (10/15)            Temple (1/1) D:6             Orc (0/2) D:9
   Lair: D:8-11

Altars:
Ashenzari
Cheibriados
Dithmenos
Elyvilon
Fedhas
Gozag
Hepliaklqana
Kikubaaqudgha
Makhleb
Nemelex Xobeh
Okawaru
Qazlal
Ru
Sif Muna
Trog
Uskayaw
Vehumet
Wu Jian
Xom
Yredelemnul
Zin
The Shining One

Shops:
D:6 :   D:8 [

Annotations:
D:10 Sonja


Innate Abilities, Weirdness & Mutations

Your experience applies equally to all skills.
You have very sharp teeth.
Your uncanny sense of smell can sniff out nearby items.


Message History

You see here a short smoking staff.
b - a short smoking staff Your skin is crawling a little less now.
A chorus of shrieks assaults your mind.
* * * LOW HITPOINT WARNING * * *
Found a jewelled copper wand.
You see here a wand of scattershot (5).
Y - a wand of scattershot (5)
Your skin stops crawling.
A starcursed mass splits.
Casting: Regeneration (safe; 2% risk of failure)
Confirm with . or Enter, or press ? or * to list all spells.
Okay, then.
There are monsters nearby!
The ynoxinul bellows!
A chorus of shrieks assaults your mind.
* * * LOW HITPOINT WARNING * * *
The ynoxinul gestures at you. The iron shot hits you!!
You die...

#≈ ≈≈ . # #. .
#........#.># # #.
. .....#. #. .## .
# .#X .# ##..#.# .
. ##.### #..#..#
.## #..# .3.#.##..#
. # #X.. #
###...#.. #..# X#.
###..#...#
#...XX#.##.##.##@##
..#XX##.#..##.#..#
.# .#.#.#. .#..XX##
##.# ##X..#....###
. #...#....#.X.X#
.#.. .#.#.#.###..#
#...# ...##..X....#
...#......#####.##
..#.# .# ...#


You could see 3 starcursed masses and a ynoxinul.

Vanquished Creatures
  Josephine (D:10)
  A two-headed ogre (D:9)
  Urug (D:10)
  Pikel (D:6)
  An ugly thing (D:9)
  An orange demon (Abyss:1)
  An ancient zyme (Abyss:1)
  Grinder (D:4)
  3 wraiths (D:10)
  A basilisk (D:7)
  Eustachio (D:4)
  5 yaks (D:10)
  A steam dragon (D:8)
  A vampire mosquito (D:9)
  Edmund (D:4)
  3 orc warriors
  5 sky beasts
  An ice beast (D:6)
  3 ogres
  3 black bears
  A necrophage (D:9)
  3 centaurs
  4 big kobolds
  9 bullfrogs
  Blork the orc (D:4)
  A scorpion (D:6)
  A wyvern skeleton (D:9)
  9 killer bees
  5 wights (D:7)
  A bullfrog zombie (D:7)
  2 howler monkeys (D:5)
  A crimson imp (D:6)
  4 orc priests
  4 jellies
  A quasit (D:8)
  A bullfrog skeleton (D:9)
  7 hounds
  2 orc wizards
  6 worker ants
  A killer bee zombie (D:10)
  3 hound skeletons
  7 gnolls
  6 adders
  4 shadow imps
  4 adder skeletons
  5 worms
  3 dart slugs
  5 leopard geckos
  14 orcs
  4 giant cockroaches
  9 goblins
  8 hobgoblins
  10 jackals
  4 quokkas
  2 ball pythons
  7 bats
  6 frilled lizards
  25 kobolds
  A leopard gecko skeleton (D:4)
  12 rats
  A butterfly (D:8)
  A spectral weapon (D:9)
241 creatures vanquished.

Vanquished Creatures (others)
  2 orcs (D:6)
  A quokka (D:8)
  3 spectral weapons
6 creatures vanquished.

Grand Total: 247 creatures vanquished

Notes
Turn   | Place    | Note
-------+----------+-------------------------------------------
     0 | D:1      | Ablot the Gnoll Skald began the quest for the Orb.
     0 | D:1      | Reached XP level 1. HP: 20/20 MP: 6/6
    91 | D:1      | Reached XP level 2. HP: 14/26 MP: 7/7
   534 | D:1      | Reached XP level 3. HP: 30/31 MP: 9/9
   541 | D:1      | Reached skill level 5 in Spellcasting
   554 | D:1      | Learned a level 2 spell: Song of Slaying
   557 | D:1      | Learned a level 2 spell: Shroud of Golubria
   561 | D:1      | Learned a level 3 spell: Regeneration
   565 | D:1      | Learned a level 3 spell: Spectral Weapon
  1010 | D:2      | Reached skill level 1 in Invocations
  1059 | D:2      | Reached skill level 1 in Short Blades
  1059 | D:2      | Reached skill level 1 in Long Blades
  1059 | D:2      | Reached skill level 1 in Axes
  1059 | D:2      | Reached skill level 1 in Maces & Flails
  1059 | D:2      | Reached skill level 1 in Staves
  1059 | D:2      | Reached skill level 1 in Slings
  1059 | D:2      | Reached skill level 1 in Bows
  1059 | D:2      | Reached skill level 1 in Crossbows
  1059 | D:2      | Reached skill level 1 in Throwing
  1059 | D:2      | Reached skill level 1 in Stealth
  1059 | D:2      | Reached skill level 1 in Shields
  1059 | D:2      | Reached skill level 1 in Unarmed Combat
  1059 | D:2      | Reached skill level 1 in Evocations
  1107 | D:2      | Reached XP level 4. HP: 32/38 MP: 0/11
  2083 | D:3      | Reached skill level 1 in Conjurations
  2083 | D:3      | Reached skill level 1 in Hexes
  2083 | D:3      | Reached skill level 1 in Summonings
  2083 | D:3      | Reached skill level 1 in Necromancy
  2083 | D:3      | Reached skill level 1 in Translocations
  2083 | D:3      | Reached skill level 1 in Transmutations
  2083 | D:3      | Reached skill level 1 in Fire Magic
  2083 | D:3      | Reached skill level 1 in Ice Magic
  2083 | D:3      | Reached skill level 1 in Air Magic
  2083 | D:3      | Reached skill level 1 in Earth Magic
  2083 | D:3      | Reached skill level 1 in Poison Magic
  2182 | D:3      | Reached XP level 5. HP: 16/43 MP: 12/12
  2885 | D:4      | Found a shimmering blue altar of Sif Muna.
  2938 | D:4      | Noticed Blork the orc
  3302 | D:4      | Reached XP level 6. HP: 50/50 MP: 6/13
  3330 | D:4      | Noticed Edmund
  3355 | D:4      | Killed Edmund
  3355 | D:4      | Reached skill level 5 in Fighting
  3355 | D:4      | Reached skill level 5 in Polearms
  3355 | D:4      | Reached skill level 5 in Dodging
  3529 | D:4      | Found a stormy altar of Qazlal.
  3583 | D:4      | Noticed Grinder
  3584 | D:4      | Paralysed by Grinder for 7 turns
  3603 | D:4      | Killed Grinder
  3603 | D:4      | Reached XP level 7. HP: 34/56 MP: 10/15
  3770 | D:4      | Noticed Eustachio
  3818 | D:4      | Learned a level 2 spell: Swiftness
  4264 | D:4      | Killed Blork the orc
  4264 | D:4      | Reached XP level 8. HP: 51/63 MP: 8/16
  4269 | D:4      | Learned a level 1 spell: Confusing Touch
  4442 | D:4      | Killed Eustachio
  4520 | D:5      | Entered Level 5 of the Dungeon
  4544 | D:5      | Found a shadowy altar of Dithmenos.
  4677 | D:5      | Learned a level 1 spell: Beastly Appendage
  4817 | D:5      | Reached skill level 6 in Spellcasting
  4953 | D:5      | Found an ornate altar of the Wu Jian Council.
  5899 | D:6      | Reached XP level 9. HP: 59/69 MP: 14/18
  6074 | D:6      | Noticed Pikel
  6096 | D:6      | Killed Pikel
  6096 | D:6      | Reached skill level 5 in Armour
  6350 | D:6      | Found Rayrivay's Book Shop.
  6519 | D:6      | Found a staircase to the Ecumenical Temple.
  6528 | Temple   | Entered the Ecumenical Temple
  7313 | D:7      | Reached skill level 5 in Invocations
  7714 | D:7      | Found an iron altar of Okawaru.
  7717 | D:7      | Became a worshipper of Warmaster Okawaru
  7805 | D:7      | Found a blossoming altar of Fedhas.
  8026 | D:7      | HP: 2/71 [basilisk (5)]
  8031 | D:7      | Reached skill level 5 in Staves
  8031 | D:7      | Reached skill level 7 in Spellcasting
  8031 | D:7      | Reached XP level 10. HP: 10/77 MP: 5/20
  8364 | D:8      | Found a shimmering altar of Xom.
  8682 | D:8      | Reached skill level 5 in Short Blades
  8682 | D:8      | Reached skill level 5 in Long Blades
  8682 | D:8      | Reached skill level 5 in Axes
  8682 | D:8      | Reached skill level 5 in Maces & Flails
  8682 | D:8      | Reached skill level 5 in Slings
  8682 | D:8      | Reached skill level 5 in Bows
  8682 | D:8      | Reached skill level 5 in Crossbows
  8682 | D:8      | Reached skill level 5 in Throwing
  8682 | D:8      | Reached skill level 5 in Stealth
  8682 | D:8      | Reached skill level 5 in Shields
  8682 | D:8      | Reached skill level 5 in Unarmed Combat
  8682 | D:8      | Reached skill level 5 in Evocations
  8756 | D:8      | Reached * piety under Okawaru
  8806 | D:8      | Found Cheibriados's Comfort Zone.
  8806 | D:8      | Found a snail-covered altar of Cheibriados.
  8837 | D:8      | Found a white marble altar of Elyvilon.
  9303 | D:9      | Noticed a two-headed ogre
  9340 | D:9      | Noticed a red ugly thing
  9649 | D:9      | Reached ** piety under Okawaru
  9719 | D:9      | Learned a level 3 spell: Mephitic Cloud
  9723 | D:9      | Learned a level 3 spell: Confuse
  9749 | D:9      | Found a staircase to the Orcish Mines.
  9787 | D:9      | Killed a two-headed ogre
 10223 | D:9      | Killed a red ugly thing
 10223 | D:9      | Reached *** piety under Okawaru
 10223 | D:9      | Reached XP level 11. HP: 75/84 MP: 10/22
 10226 | D:9      | Found a snail-covered altar of Cheibriados.
 10381 | D:9      | Identified the Reference Book on the Helpful Entourage
 10499 | D:9      | Learned a level 3 spell: Vampiric Draining
 10534 | D:10     | Entered Level 10 of the Dungeon
 10655 | D:10     | Noticed Urug
 10673 | D:10     | Killed Urug
 10673 | D:10     | Reached **** piety under Okawaru
 10673 | D:10     | Reached skill level 5 in Conjurations
 10673 | D:10     | Reached skill level 5 in Hexes
 10673 | D:10     | Reached skill level 5 in Summonings
 10673 | D:10     | Reached skill level 5 in Necromancy
 10673 | D:10     | Reached skill level 5 in Translocations
 10673 | D:10     | Reached skill level 5 in Transmutations
 10673 | D:10     | Reached skill level 5 in Fire Magic
 10673 | D:10     | Reached skill level 5 in Ice Magic
 10673 | D:10     | Reached skill level 5 in Air Magic
 10673 | D:10     | Reached skill level 5 in Earth Magic
 10673 | D:10     | Reached skill level 5 in Poison Magic
 10717 | D:10     | Noticed Josephine
 10728 | D:10     | Killed Josephine
 10728 | D:10     | Received a gift from Okawaru
 10728 | D:10     | Reached skill level 8 in Spellcasting
 11044 | D:10     | Noticed Sonja
 11057 | D:10     | Cast into level 1 of the Abyss (Sonja)
 11388 | Abyss:1  | Found a corrupted altar of Lugonu.
 11388 | Abyss:1  | Noticed a green very ugly thing
 11404 | Abyss:1  | Noticed a green very ugly thing
 11410 | Abyss:1  | Noticed a starcursed mass
 11443 | Abyss:1  | Killed from afar by a ynoxinul

Levels and vault maps discovered:
D:1:      mushboom_english_gardens, layout_basic
D:2:      layout_loops_cross
D:3:      layout_loops_corners
D:4:      layout_loops_corners, grunt_qazlal_clouds, old_standard_altar,
          uniq_eustachio, uniq_edmund, uniq_grinder, uniq_blork_the_orc
D:5:      layout_loops_ring, marbit_many_paths, kennysheep_mini, first_ration,
          minmay_misc_feat_room
D:6:      wander_river, layout_layer_cave, temple_green, serial_shops,
          nicolae_shop_crystal, grunt_decor_arrowhead,
          minmay_misc_feat_secret_circle, chequers_mini_garden, uniq_pikel
D:7:      layout_loops_cross, kennysheep_mini_moat, fedhas_altar_4,
          grunt_ogre_cave, minmay_manual_mail
D:8:      layout_rooms, lemuel_crystal_altar, xom_butterflies, minmay_shop_chei
D:9:      minmay_the_grid_triangle_9x9_rhombus_thin_mashed
          [minmay_the_grid_triangle_9x9_warning,
          minmay_the_grid_triangle_9x9_prize_insulated,
          minmay_the_grid_triangle_9x9_skeleton,
          minmay_the_grid_triangle_9x9_descending_squares],
          layout_irregular_city, cheibrodos_worm_habitat, serial_glass,
          glass_columns_c, glass_columns_a, item_on_display_a, feat_on_display,
          due_unseen_surprise, feat_on_display, chequers_serial_rivers_micro_c
D:10:     layout_roguey, uniq_urug, uniq_josephine, uniq_sonja
Temple:   cyrus_circular_temple
Abyss:1

Skill      XL: |  1  2  3  4  5  6  7  8  9 10 11 |
---------------+----------------------------------+-----
Spellcasting   | 5 6 7 8 |  8.1
Invocations    | 1 2 3 4 5 6 |  6.8
Short Blades   | 1 2 3 4 5 6 |  6.2
Long Blades    | 1 2 3 4 5 6 |  6.2
Axes           | 1 2 3 4 5 6 |  6.2
Maces & Flails | 1 2 3 4 5 6 |  6.2
Staves         | 1 2 3 5 6 7 |  7.7
Slings         | 1 2 3 4 5 6 |  6.2
Bows           | 1 2 3 4 5 6 |  6.2
Crossbows      | 1 2 3 4 5 6 |  6.2
Throwing       | 1 2 3 4 5 6 |  6.2
Stealth        | 1 2 3 4 5 6 |  6.2
Shields        | 1 2 3 4 5 6 |  6.2
Unarmed Combat | 1 2 3 4 5 6 |  6.2
Evocations     | 1 2 3 4 5 6 |  6.2
Conjurations   | 1 2 3 4 5 |  5.1
Hexes          | 1 2 3 4 5 |  5.1
Summonings     | 1 2 3 4 5 |  5.1
Necromancy     | 1 2 3 4 5 |  5.1
Translocations | 1 2 3 4 5 |  5.1
Transmutations | 1 2 3 4 5 |  5.1
Fire Magic     | 1 2 3 4 5 |  5.1
Ice Magic      | 1 2 3 4 5 |  5.1
Air Magic      | 1 2 3 4 5 |  5.1
Earth Magic    | 1 2 3 4 5 |  5.1
Poison Magic   | 1 2 3 4 5 |  5.1
Armour         | 3 4 5 6 |  6.8
Fighting       | 5 6 7 |  7.8
Polearms       | 5 6 7 |  7.8
Dodging        | 5 6 7 |  7.8
Charms         | 6 7 |  7.6

Action                   |  1- 3 |  4- 6 |  7- 9 | 10-12 || total
-------------------------+-------+-------+-------+-------++-------
Melee: Spear             |   134 |   197 |   338 |       ||   669
       Bite              |     5 |    16 |    50 |    40 ||   111
       Trident           |       |       |   109 |   239 ||   348
       Glaive            |       |       |       |    41 ||    41
Throw: Dart              |       |     9 |     6 |     5 ||    20
 Cast: Infusion          |     4 |     5 |    10 |     8 ||    27
       Shroud of Golubri |     2 |     5 |    17 |    19 ||    43
       Song of Slaying   |     1 |     1 |     1 |     7 ||    10
       Regeneration      |     1 |     5 |     8 |    17 ||    31
       Spectral Weapon   |     1 |     2 |    20 |    20 ||    43
       Confusing Touch   |       |       |     2 |    15 ||    17
       Confuse           |       |       |       |     3 ||     3
       Mephitic Cloud    |       |       |       |     3 ||     3
Evoke: Wand              |       |     3 |     1 |     1 ||     5
  Use: Scroll            |       |     5 |     2 |     5 ||    12
       Potion            |       |       |     1 |     2 ||     3
 Stab: Sleeping          |     1 |     4 |    11 |     5 ||    21
       Distracted        |       |     1 |     2 |     1 ||     4
       Confused          |       |       |       |    10 ||    10
  Eat: Chunk             |     1 |     9 |    13 |     9 ||    32
       Ration            |       |       |     1 |     1 ||     2
Armor: Leather armour    |    38 |    21 |   101 |    58 ||   218
       Robe              |       |       |       |    15 ||    15
Dodge: Dodged            |    97 |    80 |   255 |   218 ||   650
Block: Buckler           |       |     2 |    84 |    71 ||   157

Table legend:
 A = Non-vault XP
 B = Vault XP
 C = Vault XP percentage of total XP
 D = Non-vault monster count
 E = Vault monster count
 F = Vault count percentage of total count
                 A         B        C        D         E       F
            +---------+---------+-------+---------+---------+-------
      Total |    7202 |    6710 |  48.2 |     209 |      30 |  12.6
            +---------+---------+-------+---------+---------+-------
        D:1 |      55 |       0 |   0.0 |      25 |       0 |   0.0
        D:2 |      57 |       0 |   0.0 |      19 |       0 |   0.0
        D:3 |     104 |       0 |   0.0 |      25 |       0 |   0.0
        D:4 |     515 |     732 |  58.7 |      22 |       4 |  15.4
        D:5 |     436 |      40 |   8.4 |      18 |       1 |   5.3
        D:6 |     995 |     663 |  40.0 |      20 |       1 |   4.8
        D:7 |     608 |     541 |  47.1 |      18 |       4 |  18.2
        D:8 |    1626 |       0 |   0.0 |      21 |       0 |   0.0
        D:9 |     977 |    2186 |  69.1 |      30 |      15 |  33.3
       D:10 |    1080 |    2548 |  70.2 |       9 |       5 |  35.7
    Abyss:1 |     749 |       0 |   0.0 |       2 |       0 |   0.0
            +---------+---------+-------+---------+---------+-------
